 Dungeon Crawl Stone Soup version 0.30.1-9-gdf580d7c3d (webtiles) character file.

Game seed: 11531465943096040869

748 lonewolfV2 the Shield-Bearer (level 8, -1/64 HPs)
             Began as a Formicid Fighter on Oct 20, 2023.
             Slain by an ice beast (14 damage)
             ... on level 7 of the Dungeon.
             The game lasted 00:04:29 (3642 turns).

lonewolfV2 the Shield-Bearer (Formicid Fighter)     Turns: 3642, Time: 00:04:30

Health: -1/64      AC:  7    Str: 26    XL:     8   Next: 6%
Magic:  8/8        EV:  9    Int:  8    God:
Gold:   281        SH:  7    Dex: 13    Spells: 7/7 levels left

rFire   + . .        a - +0 war axe
rCold   . . .        c - +1 buckler
rNeg    . . .        b - +0 scale mail
rPois   .            (helmet unavailable)
rElec   +            (no cloak)
rCorr   .            (no gloves)
SInv    +            (no boots)
Will    .....        (no amulet) Stlth
                     h - ring of protection from fire
HPRegen 0.30/turn    f - ring of the Priest {rElec Str+3 Slay+2 SInv}
MPRegen 0.11/turn

%: no passive effects
@: no status effects
A: permanent stasis, dig shafts and tunnels, antennae 3, four strong arms
a: Dig, Shaft Self


You were on level 7 of the Dungeon.
You visited 1 branch of the dungeon, and saw 6 of its levels.

You collected 281 gold pieces.

Inventory:

Hand Weapons
 a - a +0 war axe (weapon)
Armour
 b - a +0 scale mail (worn)
 c - a +1 buckler (worn)
Jewellery
 f - the ring of the Priest (right hand) {rElec Str+3 Slay+2 SInv}
   (You found it on level 5 of the Dungeon)

   [ring of see invisible]

   Str:       It affects your strength (+3).
   Slay:      It affects your accuracy & damage with ranged weapons and melee
   (+2).
   rElec:     It insulates you from electricity.
   SInv:      It lets you see invisible.
 h - a ring of protection from fire (left hand)
Wands
 i - a wand of roots (22)
 n - a wand of flame (9)
Scrolls
 e - a scroll of teleportation
 g - a scroll of silence
Potions
 d - a potion of degeneration
 j - 2 potions of curing
 k - a potion of mutation
 l - a potion of flight {unknown}


   Skills:
 + Level 6.2 Fighting
 - Level 2.0 Axes
 + Level 6.2 Armour
 + Level 7.5 Shields


You had 7 spell levels left.
You didn't know any spells.
Your spell library was empty.

Dungeon Overview and Level Annotations

Branches:
Dungeon (7/15)
 Temple: D:4-7

Altars:


Innate Abilities, Weirdness & Mutations

You cannot be hasted, slowed, berserked, paralysed or teleported.
You can dig through walls and to a lower floor.
You have a pair of large antennae on your head. (SInv)
Your four strong arms can wield two-handed weapons with a shield.


Message History

You kill the black bear!
You hit the lemure. The lemure barely misses you.
You have reached level 8!
You feel clever.
You closely miss the lemure. You hit the lemure. The lemure hits you.
You block the lemure's attack.
You slash the lemure!
The lemure is moderately wounded.
You closely miss the lemure. You block the lemure's attack. x2
The lemure hits you. x2
Unknown command.
You barely miss the lemure.
The lemure is moderately wounded.
You hit the lemure. You block the lemure's attack. The lemure hits you.
You slash the lemure!
The lemure is severely wounded.
You hit the lemure. You block the lemure's attack.
You hear a distant slurping noise.
The lemure barely misses you.
An ice beast comes into view.
The lemure hits you but does no damage. The lemure hits you.
You hit the lemure but do no damage.
The lemure is severely wounded.
You completely miss the lemure. You block the lemure's attack.
The lemure closely misses you.
You slash the lemure!
You kill the lemure!
That felt strangely unrewarding.
You slash the lemure!
You kill the lemure!
That felt strangely unrewarding.
Unknown command.
You see here a black bear corpse.
You hit the ice beast.
The ice beast is lightly wounded.
The ice beast hits you. The ice beast freezes you!
* * * LOW HITPOINT WARNING * * *
The ice beast hits you.
* * * LOW HITPOINT WARNING * * *
The ice beast freezes you!
You die...

#.............# .....#
#.............#####.....#
.....#######.......#
.....#.....'.......#
.....#.....#.......#
.....#.....#.......+
.....#....##.......#
....##....#.....†###
....# ... #.....@# ....#
#.....Y# ....# .'......#
....# .#......+ { ....#
#......# ....# #.......
.... +....... ...
#....... ##


You could see an ice beast.

Vanquished Creatures
  A water moccasin (D:3)
  An ice beast (D:7)
  A black bear (D:7)
  A sky beast (D:4)
  A centaur (D:5)
  2 lemures (D:7)
  A scorpion (D:4)
  A howler monkey (D:4)
  2 orc priests (D:4)
  An iguana (D:4)
  3 adders
  A shadow imp (D:7)
  5 dart slugs
  2 worms (D:2)
  4 orcs
  7 endoplasms
  5 goblins
  13 hobgoblins
  7 kobolds
  5 quokkas
  5 ball pythons (D:1)
  2 bats
  3 frilled lizards
  5 rats
79 creatures vanquished.

Notes
Turn   | Place    | Note
-------+----------+-------------------------------------------
     0 | D:1      | lonewolfV2 the Formicid Fighter began the quest for the
                  | Orb.
     0 | D:1      | Reached XP level 1. HP: 18/18 MP: 1/1
   175 | D:1      | Reached XP level 2. HP: 24/24 MP: 2/2
   488 | D:1      | Reached XP level 3. HP: 30/30 MP: 3/3
   970 | D:2      | Reached XP level 4. HP: 37/37 MP: 4/4
  1363 | D:2      | Reached skill level 5 in Shields
  1531 | D:3      | Noticed a water moccasin
  1544 | D:3      | Killed a water moccasin
  1545 | D:3      | Reached XP level 5. HP: 11/43 MP: 5/5
  1943 | D:3      | Reached XP level 6. HP: 49/49 MP: 6/6
  2155 | D:4      | Noticed a sky beast
  2169 | D:4      | Killed a sky beast
  2170 | D:4      | Reached skill level 5 in Fighting
  2170 | D:4      | Reached skill level 5 in Armour
  2170 | D:4      | Reached skill level 6 in Shields
  2230 | D:4      | HP: 1/51 [orc priest/divine providence (12)]
  2233 | D:4      | Reached XP level 7. HP: 2/56 MP: 7/7
  3236 | D:5      | Entered Level 5 of the Dungeon
  3267 | D:5      | Reached skill level 7 in Shields
  3491 | D:5      | Identified the ring of the Priest {rElec Str+3 Slay+2 SInv}
  3529 | D:5      | You fall into a shaft and drop 2 floors!
  3634 | D:7      | Reached XP level 8. HP: 41/64 MP: 8/8
  3642 | D:7      | Slain by an ice beast

Illustrated notes

Levels and vault maps discovered:
D:1:      lightli_arrival_lavapool, layout_basic, dreamdust_princess_corridor,
          minmay_misc_feat_hallway
D:2:      layout_basic
D:3:      layout_rooms, kennysheep_generic_room_8, uniq_crazy_yiuf_cottage
D:4:      layout_basic
D:5:      layout_basic, minmay_temple_entry_slanted,
          cheibrodos_sewer_entry_bend, serial_glass, glass_columns_a,
          glass_columns_a, uniq_menkaure, uniq_sigmund
D:7:      layout_gridville, minmay_door_square, minmay_fountain_box, uniq_pikel

Skill      XL: |  1  2  3  4  5  6  7 |
---------------+----------------------+-----
Fighting       | 4 5 6 |  6.2
Armour         | 4 5 6 |  6.2
Shields        | 5 6 7 |  7.5
Axes           | |  2.0

Action                     |  1- 3 |  4- 6 |  7- 9 || total
---------------------------+-------+-------+-------++-------
  Melee: War axe           |    90 |    88 |    58 ||   236
    Use: Scroll            |     1 |     4 |     3 ||     8
         Potion            |       |     2 |       ||     2
 Armour: Scale mail        |    58 |    49 |    33 ||   140
  Dodge: Dodged            |    46 |    39 |    28 ||   113
  Block: Buckler           |    16 |    31 |    28 ||    75
